 Dungeon Crawl Stone Soup version 0.28.0-47-ge53b351184 (webtiles) character file.

Game seed: 16965172575521965422

406 Exodus22XD the Chopper (level 6, 0/55 HPs)
             Began as a Minotaur Fighter on May 8, 2022.
             Was a Follower of Uskayaw.
             Killed by nerve-wracking pain
             ... invoked by Menkaure
              (12 damage)
             ... on level 4 of the Dungeon.
             The game lasted 00:03:43 (3082 turns).

Exodus22XD the Chopper (Minotaur Fighter)           Turns: 3082, Time: 00:03:43

Health: 0/55       AC: 10    Str: 29    XL:     6   Next: 56%
Magic:  6/6        EV:  9    Int:  5    God:    Uskayaw [*.....]
Gold:   151        SH:  4    Dex:  9    Spells: 5/5 levels left

rFire   . . .      SeeInvis .   a - +0 war axe
rCold   . . .      Faith    .   c - +0 buckler
rNeg    . . .      Spirit   .   b - +0 scale mail
rPois   .          Reflect  .   (helmet restricted)
rElec   .          Harm     .   (no cloak)
rCorr   .          Rampage  .   f - +0 pair of gloves
Will    .....                   u - +1 pair of boots
Stlth   ..........              (no amulet)
HPRegen 0.18/turn               o - +6 ring of strength
MPRegen 0.10/turn               (no ring)

@: no status effects
A: horns 2, retaliatory headbutt
a: Renounce Religion, Stomp


You were on level 4 of the Dungeon.
You worshipped Uskayaw.
Uskayaw was noncommittal.
You visited 1 branch of the dungeon, and saw 4 of its levels.
You also visited: Sewer.

You collected 151 gold pieces.

Inventory:

Hand Weapons
 a - a +0 war axe (weapon)
Armour
 b - a +0 scale mail (worn)
 c - a +0 buckler (worn)
 f - a +0 pair of gloves (worn)
 u - a +1 pair of boots (worn)
Jewellery
 o - a +6 ring of strength (left hand)
 v - a ring of magical power
Wands
 s - a wand of digging (3)
 x - a wand of polymorph (5)
Scrolls
 d - a scroll of blinking {unknown}
 e - a scroll of enchant armour {unknown}
 g - 3 scrolls of fear {unknown}
 h - a scroll of enchant weapon {unknown}
 i - 2 scrolls of noise {unknown}
 k - a scroll of vulnerability {unknown}
 l - 2 scrolls of amnesia {unknown}
 n - a scroll of fog {unknown}
 q - a scroll of identify {unknown}
 t - a scroll of teleportation {unknown}
 y - a scroll of silence {unknown}
Potions
 j - 2 potions of degeneration {unknown}
 m - a potion of heal wounds {unknown}
 p - 3 potions of curing
 r - a potion of invisibility {unknown}
 w - a potion of attraction {unknown}
 z - a potion of might


   Skills:
 + Level 4.8 Fighting
 + Level 5.3 Axes
 + Level 5.1 Armour
 + Level 4.7 Shields
 * Level 2.4 Invocations


You had 5 spell levels left.
You didn't know any spells.
Your spell library contained the following spells:

 Spells                   Type           Power      Damage    Failure   Level
 Ignite Poison            Fire/Tmut/Pois 0%         N/A       99%         3
 Mephitic Cloud           Conj/Pois/Air  0%         N/A       99%         3
 Freezing Cloud           Conj/Ice/Air   0%         6-21      100%        5


Dungeon Overview and Level Annotations

Branches:
Dungeon (4/15)              Sewer (visited)
 Temple: D:4-7

Altars:
Uskayaw

Annotations:
D:4 Menkaure


Innate Abilities, Weirdness & Mutations

You have a pair of horns on your head.
You reflexively headbutt those who attack you in melee.


Message History

The ice beast is severely wounded.
The ice beast barely misses you.
You can now pass through a line of other dancers.
You barely miss the ice beast.
The ice beast is severely wounded.
The ice beast hits you but does no damage.
You hit the ice beast.
The ice beast is severely wounded.
The ice beast hits you but does no damage. x2
You closely miss the ice beast. Your headbutt misses the ice beast.
The ice beast is severely wounded.
The ice beast hits you but does no damage.
You slash the ice beast!
You kill the ice beast!
Uskayaw will force your foes to helplessly watch your dance.
Your Armour skill increases to level 5!
Menkaure, Prince of Dust comes into view.
Menkaure casts a spell.
Menkaure seems to speed up.
You block Menkaure's attack.
You hit Menkaure.
Menkaure is lightly damaged.
Menkaure gestures at you while chanting.
Pain shoots through your body!
Menkaure calls on the powers of darkness!
Your body is wracked with pain!
You hit Menkaure. Your headbutt misses Menkaure.
Menkaure is lightly damaged.
Menkaure calls on the powers of darkness!
Your body is wracked with pain!
* * * LOW HITPOINT WARNING * * *
You hit Menkaure but do no damage.
Menkaure is lightly damaged.
You block Menkaure's attack. Menkaure hits you!
* * * LOW HITPOINT WARNING * * *
Okay, then.
It was a potion of curing.
You feel better.
Menkaure gestures at you while chanting.
Pain shoots through your body!
You die...

#######.##..##.#......#.....#.###
.....##.##..##.#......#.........
####.##.##..##.#...(..........###
#...#..#..##.#.......<.........
#......#..##.#...........######
#....###..##.######.#..........
#.........##.#......#.########.
#.#<.###.###.#.######.# #.
###.##.###.###.#@# #.# #.
.............#.#M# #.# #.
###.##.#######.#.# #.# #. .. ...#
#.#.# #.# #. ###.#..# #.#.# #.#
#. .. #..# #.#.# #.# #. .. ....
#.#.. ..# #. # #####
#.#################.
#...................


You could see Menkaure (fast).

Vanquished Creatures
  Pargi (Sewer)
  An ice beast (D:4)
  A phantom (D:3)
  5 adders
  3 worms
  3 dart slugs
  12 ball pythons
  6 bats
  9 endoplasms
  3 giant cockroaches
  9 goblins
  6 hobgoblins
  5 kobolds
  4 quokkas
  3 frilled lizards
  9 rats
80 creatures vanquished.

Vanquished Creatures (others)
  3 plants (D:1)
3 creatures vanquished.

Grand Total: 83 creatures vanquished

Notes
Turn   | Place    | Note
-------+----------+-------------------------------------------
     0 | D:1      | Exodus22XD the Minotaur Fighter began the quest for the
                  | Orb.
     0 | D:1      | Reached XP level 1. HP: 19/19 MP: 0/0
   125 | D:1      | Reached XP level 2. HP: 23/27 MP: 1/1
   271 | D:1      | Found a faded altar of an unknown god.
   317 | D:1      | Prayed at the altar of an unknown god.
   317 | D:1      | Became a worshipper of Uskayaw the Reveller
   317 | D:1      | Reached * piety under Uskayaw
   410 | D:1      | Reached XP level 3. HP: 33/33 MP: 2/2
   760 | D:2      | Reached ** piety under Uskayaw
   959 | D:2      | Reached skill level 1 in Invocations
   959 | D:2      | Reached XP level 4. HP: 40/40 MP: 3/3
  1440 | D:3      | Found a glowing drain.
  1450 | Sewer    | Entered a sewer
  1483 | Sewer    | Noticed Pargi
  1491 | Sewer    | Killed Pargi
  1492 | Sewer    | Reached XP level 5. HP: 34/47 MP: 3/5
  2476 | D:3      | Noticed a phantom
  2487 | D:3      | Killed a phantom
  2488 | D:3      | Reached skill level 5 in Axes
  2488 | D:3      | Reached XP level 6. HP: 33/53 MP: 1/6
  3040 | D:4      | Noticed an ice beast
  3048 | D:4      | Killed an ice beast
  3048 | D:4      | Reached *** piety under Uskayaw
  3049 | D:4      | Reached skill level 5 in Armour
  3076 | D:4      | Noticed Menkaure
  3082 | D:4      | Killed from afar by Menkaure

Illustrated notes

Levels and vault maps discovered:
D:1:      dpeg_arrival_simpleton_c, layout_basic,
          shapermc_ecumenical_altar_ellora
D:2:      layout_basic
D:3:      mumra_celtic_spiral_tile, layout_loops_cross, gup_sewer_entry_bubbles,
          solitary_fountain
D:4:      layout_basic, lemuel_mausoleum_altar_yredelemnul,
          corexii_item_surrounded_by_moat, uniq_menkaure

Skill      XL: |  1  2  3  4  5  6 |
---------------+-------------------+-----
Shields        | 4 |  4.7
Armour         | 4 5 |  5.1
Fighting       | 4 |  4.8
Axes           | 3 4 5 |  5.3
Invocations    | 1 2 |  2.4

Action                   |  1- 3 |  4- 6 || total
-------------------------+-------+-------++-------
Melee: War axe           |    72 |   104 ||   176
       Headbutt          |    11 |    14 ||    25
Invok: Line Pass         |       |     1 ||     1
  Use: Potion            |       |     2 ||     2
Armor: Scale mail        |    36 |    48 ||    84
Dodge: Dodged            |    31 |    42 ||    73
Block: Buckler           |    22 |    15 ||    37
